 Dungeon Crawl Stone Soup version 0.27.1-33-g824d729ab1 (webtiles) character file.

Game seed: 15771530631078284156

51 pkoi the Insei (level 3, -6/31 HPs)
             Began as a Draconian Monk on Dec 13, 2021.
             Killed by divine providence
             ... invoked by an orc priest
              (12 damage)
             ... on level 4 of the Dungeon.
             The game lasted 00:03:08 (3326 turns).

pkoi the Insei (Draconian Monk)                     Turns: 3326, Time: 00:03:08

Health: -6/31      AC:  5    Str: 13    XL:     3   Next: 57%
Magic:  3/3        EV: 12    Int: 11    God:
Gold:   63         SH:  0    Dex: 13    Spells: 2/2 levels left

rFire    . . .     SeeInvis .     - Unarmed
rCold    . . .     Faith    .   (no shield)
rNeg     . . .     Spirit   .   (armour unavailable)
rPois    .         Reflect  .   (helmet restricted)
rElec    .         Harm     .   (no cloak)
rCorr    .         Rampage  .   (no gloves)
Will     .....                  (no boots)
Stlth    ++........             (no amulet)
HPRegen  0.10/turn              (no ring)
MPRegen  0.08/turn              (no ring)

@: no status effects
A: AC +5, unfitting armour, cold-blooded
a: no special abilities


You were on level 4 of the Dungeon.
You visited 1 branch of the dungeon, and saw 4 of its levels.

You collected 123 gold pieces.
You spent 60 gold pieces at shops.

Inventory:

Hand Weapons
 b - a +1 hunting sling of freezing
Missiles
 c - a throwing net (quivered)
 e - 94 stones
 m - 22 poisoned darts
Jewellery
 g - a ring of fire
Wands
 f - a wand of mindburst (13)
 o - a wand of flame (20)
Scrolls
 a - a scroll of enchant armour
Potions
 j - a potion of curing
 l - a potion of haste
 n - 2 potions of heal wounds


   Skills:
 - Level 3.2 Fighting
 - Level 2.6 Dodging
 - Level 1.7 Stealth
 + Level 4.6 Unarmed Combat


You had 2 spell levels left.
You didn't know any spells.
Your spell library contained the following spells:

 Spells                   Type           Power      Damage    Failure   Level
 Animate Skeleton         Necr           0%         N/A       34%         1
 Pain                     Necr           0%         1d4       34%         1
 Vampiric Draining        Necr           0%         2d6       71%         3


Dungeon Overview and Level Annotations

Branches:
Dungeon (4/15)
 Temple: D:4-7

Altars:

Shops:
D:3 ?[![


Innate Abilities, Weirdness & Mutations

Your plain brown scales are hard. (AC +5)
You cannot fit into any form of body armour.
You are cold-blooded and may be slowed by cold attacks.


Message History

The hobgoblin barely misses you.
You hit the hobgoblin.
You kill the hobgoblin!
You see here 15 gold pieces.
You barely miss the orc priest. You closely miss the orc priest.
The orc priest hits you but does no damage.
The orc closely misses you.
You closely miss the orc priest. The orc priest barely misses you.
The orc hits you with a +0 morningstar!
You are too injured to fight recklessly!
You are too injured to fight recklessly!
You are too injured to fight recklessly!
You are too injured to fight recklessly!
You are too injured to fight recklessly!
You are too injured to fight recklessly!
You are too injured to fight recklessly!
You are too injured to fight recklessly!
You are too injured to fight recklessly!
You are too injured to fight recklessly!
You are too injured to fight recklessly!
You are too injured to fight recklessly!
You are too injured to fight recklessly!
You are too injured to fight recklessly!
You are too injured to fight recklessly!
You are too injured to fight recklessly!
You are too injured to fight recklessly!
You barely miss the orc priest.
The orc priest invokes the aid of Beogh against you.
Pain shoots through your body!
* * * LOW HITPOINT WARNING * * *
The orc hits you with a +0 morningstar.
* * * LOW HITPOINT WARNING * * *
You closely miss the orc priest. The orc priest hits you with a +0 club.
* * * LOW HITPOINT WARNING * * *
The orc barely misses you.
Unknown command.
The orc priest mumbles some strange prayers to Beogh against you.
Beogh smites you!
You die...

.# #######...#
#..@.oo...+
###'###o....# #....#
.....# #....#
.....###### #....#
.....##...# #....#
#######...# #....#
#...# ###.## #...#
#.##########..)#####


You could see an orc priest and 2 orcs.

Vanquished Creatures
  A worm (D:2)
  An orc (D:3)
  2 endoplasms
  6 goblins
  4 hobgoblins
  4 jackals (D:1)
  A quokka (D:2)
  7 ball pythons
  A bat (D:2)
  A frilled lizard (D:1)
  8 kobolds
  8 rats
44 creatures vanquished.

Notes
Turn   | Place    | Note
-------+----------+-------------------------------------------
     0 | D:1      | pkoi the Draconian Monk began the quest for the Orb.
     0 | D:1      | Reached XP level 1. HP: 19/19 MP: 1/1
   342 | D:1      | Reached XP level 2. HP: 23/26 MP: 2/2
   730 | D:1      | You fall into a shaft and drop 1 floor!
   810 | D:2      | Reached skill level 4 in Unarmed Combat
  1309 | D:2      | Reached XP level 3. HP: 31/31 MP: 3/3
  1383 | D:2      | Found a faded altar of an unknown god.
  2382 | D:3      | Found Ageigyn's Armour Shop.
  2447 | D:3      | Found Teullaat's Distillery.
  2458 | D:3      | Found Fuom's Antique Armour Boutique.
  2462 | D:3      | Bought a potion of heal wounds for 60 gold pieces
  2494 | D:3      | Found Duutroyb's Magic Scroll Boutique.
  2869 | D:4      | Noticed a phantom
  3326 | D:4      | Killed from afar by an orc priest

Illustrated notes

Levels and vault maps discovered:
D:1:      moated_graveyard_arrival, layout_loops_corners, due_unseen_surprise
D:2:      minmay_general_purpose_star, layout_basic,
          dreamdust_ecumenical_altar_statues, minmay_bisected
D:3:      layout_rooms, serial_shops, shop, shop_fountains, shop, shop
D:4:      layout_basic

Skill      XL: |  1  2 |
---------------+-------+-----
Unarmed Combat | 4 |  4.6
Fighting       | |  3.2
Dodging        | |  2.6
Stealth        | |  1.7

Action                   || total
-------------------------++-------
Melee: Unarmed           ||    87
       Tailslap          ||     9
       Punch             ||     2
 Fire: Hunting sling     ||    27
  Use: Scroll            ||     7
       Potion            ||     4
 Stab: Sleeping          ||     5
Armor: Skin              ||    14
Dodge: Dodged            ||    42
